 Dungeon Sprint DCSS version 0.19-a0-1398-g1264885 (webtiles) character file.

2942 Groucho the Basher (level 9, -4/148 (151) HPs)
             Began as a Troll Berserker on Sept 4, 2016.
             Was a Priest of Trog.
             Killed from afar by a crystal guardian (42 damage)
             ... with a crystal bolt
             ... in the Dungeon (Sprint II: "The Violet Keep of Menkaure").
             The game lasted 00:06:27 (1200 turns).

Groucho the Basher (Troll Berserker)                Turns: 1200, Time: 00:06:28

HP:   -4/148 (151)  AC:  5    Str: 31 (32) XL:     9   Next: 51%
MP:   8/8           EV: 15    Int:  3      God:    Trog [***...]
Gold: 628           SH:  0    Dex: 12      Spells: 0 memorised, 8 levels left

rFire  . . .     SeeInvis +     a - +0 mace
rCold  . . .     Gourm    +     b - +0 animal skin
rNeg   . . .     Faith    .     (no shield)
rPois  .         Spirit   .     d - +0 hat {SInv}
rElec  .         Dismiss  .     (no cloak)
rCorr  .         Reflect  .     (gloves unavailable)
MR     ++...     Harm     .     (boots unavailable)
Stlth  .......... NoTele   +    (no amulet)
                                (no ring)
                                (no ring)

@: berserking, lethally poisoned (-4 -> -54), recuperating, diseased, very quick
A: unfitting armour, claws 3, blurry vision 1, deterioration 1, fast metabolism
3, gourmand, regeneration 1, shaggy fur 1, tough skin 2
a: Berserk, Trog's Hand, Burn Spellbooks, Renounce Religion


You were in the Dungeon.
You worshipped Trog.
Trog was most pleased with you.
You were very hungry.

You visited 1 branch You collected 1134 gold pieces.
You spent 506 gold pieces at shops.

Inventory:

Hand Weapons
 a - a +0 mace (weapon)
Armour
 b - a +0 animal skin (worn)
 d - a +0 hat of see invisible (worn)
Wands
 h - a wand of flame (6/48)
Scrolls
 e - a scroll of identify {unknown}
Potions
 f - a potion of berserk rage
 g - 2 potions of magic
Comestibles
 c - 5 bread rations
 k - a meat ration


   Skills:
 + Level 9.8 Fighting
 * Level 14.1 Maces & Flails
 + Level 9.7 Dodging


You had 8 spell levels left.
You didn't know any spells.

Dungeon Overview and Level Annotations

Branches:
Dungeon (1/1)

Altars:
Cheibriados
Dithmenos
Elyvilon
Hepliaklqana
Kikubaaqudgha
Makhleb
Qazlal
Ru
Sif Muna
Trog
Uskayaw
Vehumet
Xom
Yredelemnul
Zin
The Shining One
Beogh
Jiyva
Lugonu

Shops:
D =[:!(%[![:?*}%=!

Annotations:
D exclusion: oklob plant


Innate Abilities, Weirdness & Mutations

You are too large for most types of armour.
You have claws for hands.
Your metabolism is lightning-fast.
You like to eat raw meat.
Your natural rate of healing is unusually fast.
You are covered in fur. (AC +1)
You have very tough skin. (AC +2)
Scrolls take you a little longer to read.
Your body sometimes deteriorates upon taking damage.


Message History

Unknown command.
You are too injured to fight recklessly!
Unknown command.
You are too injured to fight recklessly!
Unknown command.
You hit the crystal guardian but do no damage.
The crystal guardian is moderately damaged.
You are engulfed in dark miasma.
You are more poisoned.
You feel your flesh rotting away!
You feel ill.
* * * LOW HITPOINT WARNING * * *
x2 You feel very sick.
Your black bear is engulfed in dark miasma.
Your black bear is poisoned.
Your black bear bites the death drake but does no damage.
Your black bear closely misses the death drake.
Your black bear misses the death drake.
The crystal guardian fires a crystalline bolt at you.
The crystal bolt freezes you!
You die...

## zz ≈## .z ≈≈#+++# ..
≈≈..... .. .. # ≈≈≈.##+##.. #.
8# ≈≈≈##.#.##.#### +.##.#
≈≈≈#..#..# ...# ...####
≈####...####..#####§§##.#
##.###'###.##..#@8§§.#..#
#.#.##.##...#..#hk#§.#.)# [
'###'.<.'##.'..####.^##.# !($
#.#.##.##.###...§###..(##▓▓▓▓▓
##.###'###.##......≈≈≈≈≈≈≈≈≈≈≈
≈####.######≈≈...§.≈#+########
≈≈≈#.##..#≈≈≈≈≈≈≈..≈#..._._..#
%#≈##...##≈≈≈§§§≈≈.≈#.._._._.#
.#≈≈##+##≈≈≈≈≈≈§≈≈≈≈#._._._._#


You could see a death drake, a crystal guardian and a friendly black bear
(berserk).

Vanquished Creatures
  An iron elemental (D)
  A death drake (D)
  A polar bear (D)
  2 hippogriffs (D)
  Menkaure (D)
  2 neqoxecs (D)
  A vampire mosquito (D)
  4 necrophages (D)
  A wasp (D)
  3 worms (D)
17 creatures vanquished.

Vanquished Creatures (collateral kills)
  A yaktaur (D)
  2 polar bears (D)
  A swamp drake (D)
4 creatures vanquished.

Vanquished Creatures (others)
  2 neqoxecs (D)
  A crocodile (D)
3 creatures vanquished.

Grand Total: 24 creatures vanquished

Notes
Turn   | Place    | Note
-------+----------+-------------------------------------------
     0 | D        | Groucho the Troll Berserker began the quest for the Orb.
     0 | D        | Reached XP level 1. HP: 22/22 MP: 0/0
     1 | D        | Noticed a hippogriff
     1 | D        | Noticed a hippogriff
     4 | D        | Noticed a necrophage
     4 | D        | Noticed a necrophage
     4 | D        | Noticed a necrophage
     4 | D        | Noticed a necrophage
     9 | D        | Killed a necrophage
     9 | D        | Reached skill level 6 in Maces & Flails
     9 | D        | Reached XP level 2. HP: 31/31 MP: 1/1
     9 | D        | Reached XP level 3. HP: 38/38 MP: 2/2
     9 | D        | Reached XP level 4. HP: 47/47 MP: 3/3
    18 | D        | Killed a necrophage
    18 | D        | Reached skill level 5 in Fighting
    18 | D        | Reached skill level 7 in Maces & Flails
    18 | D        | Reached skill level 5 in Dodging
    18 | D        | Reached XP level 5. HP: 55/55 MP: 4/4
    24 | D        | Killed a necrophage
    24 | D        | Reached ** piety under Trog
    24 | D        | Reached skill level 8 in Maces & Flails
    28 | D        | Killed a necrophage
    28 | D        | Reached skill level 9 in Maces & Flails
    28 | D        | Reached XP level 6. HP: 61/61 MP: 5/5
   190 | D        | Noticed a flying skull
   190 | D        | Noticed a flying skull
   190 | D        | Noticed a flying skull
   191 | D        | Noticed a flying skull
   191 | D        | Noticed a flying skull
   191 | D        | Noticed a flying skull
   191 | D        | Noticed a flying skull
   207 | D        | Reached *** piety under Trog
   234 | D        | Noticed a neqoxec
   235 | D        | Noticed a neqoxec
   237 | D        | Lost intelligence.
   251 | D        | Killed a neqoxec
   254 | D        | Killed a neqoxec
   254 | D        | Reached skill level 10 in Maces & Flails
   254 | D        | Gained mutation: Your body sometimes deteriorates upon taking damage. [a neqoxec]
   256 | D        | Gained mutation: Scrolls take you a little longer to read. [a neqoxec]
   258 | D        | Killed a neqoxec
   258 | D        | Reached XP level 7. HP: 9/78 MP: 6/6
   371 | D        | Killed a hippogriff
   371 | D        | Reached skill level 11 in Maces & Flails
   380 | D        | Killed a hippogriff
   380 | D        | Reached **** piety under Trog
   393 | D        | Found Eryxamo's Distillery.
   394 | D        | Found Orakhaim's Jewellery Boutique.
   394 | D        | Found Kenkokk's Assorted Antiques.
   394 | D        | Found Wesk's Gadget Shop.
   394 | D        | Found Gysexur's Book Boutique.
   394 | D        | Found Reovap's Magic Scroll Boutique.
   394 | D        | Found Yshroopi's Distillery.
   394 | D        | Found Lusaoz's Antique Armour Shop.
   399 | D        | Found Totwessi's Antique Armour Shop.
   399 | D        | Found Syudop's Food Boutique.
   399 | D        | Noticed a wyvern
   400 | D        | Found Keytam's Food Boutique.
   400 | D        | Noticed Menkaure
   418 | D        | Killed Menkaure
   418 | D        | Reached XP level 8. HP: 34/88 MP: 7/7
   629 | D        | Found Gatoruim's Antique Weapon Shop.
   629 | D        | Found Bis Otia's Distillery.
   629 | D        | Noticed an oklob plant
   630 | D        | Found Nufe Uwa's Antique Armour Shop.
   630 | D        | Found Otegy's Jewellery Boutique.
   630 | D        | Found Afupp's Book Shoppe.
   633 | D        | Noticed a shining eye
   633 | D        | Noticed a shining eye
   634 | D        | Noticed a shining eye
   638 | D        | Noticed a polar bear
   639 | D        | Noticed a polar bear
   656 | D        | Bought a glowing hat for 92 gold pieces
   671 | D        | Bought a bread ration for 60 gold pieces
   671 | D        | Bought a bread ration for 60 gold pieces
   671 | D        | Bought a bread ration for 60 gold pieces
   671 | D        | Bought a slice of pizza for 18 gold pieces
   671 | D        | Bought a slice of pizza for 18 gold pieces
   671 | D        | Bought a bread ration for 60 gold pieces
   671 | D        | Bought a beef jerky for 18 gold pieces
   671 | D        | Bought a bread ration for 60 gold pieces
   671 | D        | Bought a meat ration for 60 gold pieces
   714 | D        | Noticed an orange crystal statue
   734 | D        | Found a glowing golden altar of the Shining One.
   736 | D        | Found a glowing silver altar of Zin.
   736 | D        | Found a hide-covered altar of Uskayaw.
   742 | D        | Found a basalt altar of Yredelemnul.
   742 | D        | Found a bloodstained altar of Trog.
   743 | D        | Found a radiant altar of Vehumet.
   743 | D        | Found a burning altar of Makhleb.
   744 | D        | Found a shimmering altar of Xom.
   744 | D        | Found a deep blue altar of Sif Muna.
   744 | D        | Found a corrupted altar of Lugonu.
   745 | D        | Found a sacrificial altar of Ru.
   745 | D        | Found an ancient bone altar of Kikubaaqudgha.
   745 | D        | Found a white marble altar of Elyvilon.
   749 | D        | Noticed a yaktaur
   749 | D        | Noticed a polar bear
   749 | D        | Noticed a polar bear
   749 | D        | Noticed a polar bear
   754 | D        | Killed a polar bear
   754 | D        | Reached skill level 12 in Maces & Flails
   758 | D        | Found a stormy altar of Qazlal.
   758 | D        | Found a hazy altar of Hepliaklqana.
   758 | D        | Found a viscous altar of Jiyva.
   758 | D        | Found a roughly hewn altar of Beogh.
   758 | D        | Found a snail-covered altar of Cheibriados.
   758 | D        | Found a shadowy altar of Dithmenos.
   762 | D        | Reached ***** piety under Trog
   768 | D        | HP: 3/89 [polar bear (13)]
   769 | D        | HP: 1/89 [polar bear (3)]
   770 | D        | Killed a polar bear
   771 | D        | Killed a polar bear
   772 | D        | Killed a yaktaur
   777 | D        | HP: 4/91 [poisoned by a wasp]
  1035 | D        | Noticed an iron elemental
  1066 | D        | Killed an iron elemental
  1066 | D        | Reached skill level 13 in Maces & Flails
  1066 | D        | Reached XP level 9. HP: 24/100 MP: 8/8
  1177 | D        | Noticed a crystal guardian
  1181 | D        | Noticed a death drake
  1188 | D        | Noticed a death drake
  1198 | D        | Killed a death drake
  1198 | D        | Reached skill level 14 in Maces & Flails
  1200 | D        | Killed from afar by a crystal guardian

Vault maps used:
D:        the_violet_keep_of_menkaure

Skill      XL: |  1  2  3  4  5  6  7  8  9 |
---------------+----------------------------+-----
Fighting       | 4 5 6 7 9 |  9.8
Maces & Flails | 6 7 9 10 11 13 14 | 14.1
Dodging        | 4 5 6 7 9 |  9.7

Action                   |  1- 3 |  4- 6 |  7- 9 || total
-------------------------+-------+-------+-------++-------
Melee: Mace              |     4 |    39 |    86 ||   129
Invok: Berserk           |     1 |     1 |     5 ||     7
       Trog's Hand       |       |     1 |     6 ||     7
       Brothers in Arms  |       |       |     3 ||     3
  Use: Potion            |       |     3 |     1 ||     4
       Scroll            |       |       |     1 ||     1
  Eat: Chunk             |       |     2 |     3 ||     5
       Bread ration      |       |       |     2 ||     2
       Pizza             |       |       |     2 ||     2
       Beef jerky        |       |       |     1 ||     1
Armor: Animal skin       |       |     2 |    13 ||    15
Dodge: Dodged            |     1 |    12 |    52 ||    65
